 Dungeon Crawl Stone Soup version 0.30-a0-1016-gfb0d676c02 (webtiles) character file.

Game seed: 11377355242685322423

3668 ytrimaz the Fighter (level 9, -5/101 HPs)
             Began as a Troll Transmuter on Apr 6, 2023.
             Was an Initiate of Makhleb.
             Killed by divine providence
             ... invoked by an orc priest
              (15 damage)
             ... on level 8 of the Dungeon.
             The game lasted 00:07:51 (6451 turns).

ytrimaz the Fighter (Troll Transmuter)              Turns: 6451, Time: 00:07:52

Health: -5/101     AC:  5    Str: 20    XL:     9   Next: 89%
Magic:  7/9        EV: 10    Int: 13    God:    Makhleb [......]
Gold:   457        SH:  0    Dex: 16    Spells: 7/10 levels left

rFire   . . .      SeeInvis .      - Unarmed
rCold   . . .      Faith    .    (no shield)
rNeg    . . .      Spirit   .    a - +1 robe
rPois   .          Reflect  .    (helmet restricted)
rElec   .          Rampage  .    (no cloak)
rCorr   +                        (gloves unavailable)
Will    .....                    (boots unavailable)
Stlth   +                        (no amulet)
HPRegen 1.16/turn                h - +6 ring of dexterity
MPRegen 0.11/turn                B - ring of resist corrosion

@: wereblooded
A: large, unfitting armour, claws 3, regeneration 1, shaggy fur 1, tough skin 1
a: Renounce Religion


You were on level 8 of the Dungeon.
You worshipped Makhleb.
Makhleb was noncommittal.
You visited 2 branches of the dungeon, and saw 9 of its levels.
You also visited: Ossuary.

You collected 457 gold pieces.


Innate Abilities, Weirdness & Mutations

You are too large for most types of armour.
You have claws for hands.
Your natural rate of healing is unusually fast.
You are covered in fur. (AC +1)
You have tough skin. (AC +1)


   Skills:
 * Level 9.8 Fighting
 - Level 1.5 Dodging
 + Level 8.7 Unarmed Combat
 - Level 1.2 Spellcasting
 - Level 1.3 Transmutations


You had 7 spell levels left.
You knew the following spells:

 Your Spells              Type           Power      Damage    Failure   Level
a - Beastly Appendage     Tmut           8%         N/A       16%         1
b - Wereblood             Tmut           4%         N/A       24%         2

Your spell library contained the following spells:

 Spells                   Type           Power      Damage    Failure   Level
 Foxfire                  Conj/Fire      0%         2x1d4     28%         1
 Freeze                   Ice            0%         1d3       28%         1
 Magic Dart               Conj           0%         1d3       28%         1
 Blink                    Tloc           0%         N/A       38%         2
 Lesser Beckoning         Tloc           0%         N/A       38%         2
 Momentum Strike          Conj/Tloc      0%         3d8       38%         2
 Searing Ray              Conj           0%         2d4       38%         2
 Spider Form              Tmut/Pois      2%         N/A       52%         3
 Frozen Ramparts          Ice            0%         1d1       63%         3
 Hailstorm                Conj/Ice       0%         3d3       63%         3
 Ice Form                 Ice/Tmut       2%         N/A       90%         4
 Fulminant Prism          Conj/Hex       0%         3d5       95%         4
 Olgreb's Toxic Radiance  Pois           0%         N/A       95%         4
 Fireball                 Conj/Fire      0%         3d3       100%        5
 Plasma Beam              Fire/Air       0%         2x1d11    100%        6
 Starburst                Conj/Fire      0%         6d3       100%        6
 Discord                  Hex            0%         N/A       100%        8
 Ignition                 Fire           0%         3d3       100%        8

Inventory:

Missiles
 F - a throwing net
Armour
 a - a +1 robe (worn)
Jewellery
 c - a ring of ice
   (You found it on level 2 of the Dungeon)
 h - a +6 ring of dexterity (left claw)
   (You found it on level 1 of the Dungeon)
 z - a ring of fire
   (You found it on level 5 of the Dungeon)
 A - a +6 ring of dexterity
   (You found it on level 5 of the Dungeon)
 B - a ring of resist corrosion (right claw)
   (You found it on level 7 of the Dungeon)
Wands
 b - a wand of polymorph (25)
   (You found it on level 3 of the Dungeon)
 t - a wand of roots (35)
   (You found it in an ossuary)
 u - a wand of mindburst (25)
   (You found it in an ossuary)
 C - a wand of flame (21)
   (You took it off Dowan on level 6 of the Dungeon)
 D - a wand of charming (11)
   (You found it on level 6 of the Dungeon)
Scrolls
 d - a scroll of silence
 e - 2 scrolls of fog
 g - a scroll of enchant weapon
 i - 2 scrolls of fear
 j - 2 scrolls of teleportation
 o - 3 scrolls of enchant armour
Potions
 f - a potion of resistance
 k - a potion of heal wounds
 l - 8 potions of curing
 m - 2 potions of attraction
 n - 3 potions of ambrosia
 p - a potion of magic
 q - 2 potions of brilliance
 r - a potion of cancellation
 s - a potion of berserk rage
 v - 2 potions of invisibility
 w - a potion of mutation {unknown}
 x - 2 potions of might
 E - a potion of haste

Dungeon Overview and Level Annotations

Branches:
Dungeon (8/15) Zot: 26966  Temple (1/1) D:6 Zot: 5954 Ossuary (visited)
   Lair: D:8-11

Altars:
Ashenzari
Cheibriados
Dithmenos
Elyvilon
Fedhas
Gozag
Hepliaklqana
Kikubaaqudgha
Makhleb
Nemelex Xobeh
Okawaru
Qazlal
Ru
Sif Muna
Trog
Uskayaw
Vehumet
Wu Jian
Xom
Yredelemnul
Zin
The Shining One

Shops:
D:5

* #.....
#.....
....# ..o#
.o# #{# #)#
#O## ###.@#
#.?).#
#.##.######
#.........#
#.##.####.#
#.##.####.#
#.........#
#....######
######


You could see a two-headed ogre and 2 orc priests.


Message History

No target in view!
Key pressed, stopping explore.
q - 2 potions of brilliance (gained 1) Key pressed, stopping explore.
There is a stone staircase leading up here.
There is an open door here.
Things that are here:
a +2 short sword of electrocution; a +0 ring mail Key pressed, stopping explore.
Done exploring.
Done exploring.
Done exploring.
Okay, then.
Done exploring.
Done exploring.
There is a stone staircase leading down here.
You climb downwards.
There is a stone staircase leading up here.
You see here a +4 war axe.
You see here a scroll of immolation.
You see here a +4 war axe.
An orc comes into view. It is wielding a +0 hand axe.
The orc shouts!
An orc priest comes into view. It is wielding a +0 club.
There are monsters nearby!
There are monsters nearby!
A two-headed ogre comes into view.
It is wielding a +0 dire flail and a +0 giant club.
The orc priest shouts!
The two-headed ogre shouts in stereo!
Casting: Wereblood (mildly dangerous; 24% risk of failure)
Confirm with . or Enter, or press ? or * to list all spells.
Your blood is infused with primal strength. 😎 MP[-2]
You lost 2 mp, and now have 7/9 mp.
Unknown command.
You miscast Beastly Appendage.
You are very lightly contaminated with residual magic.
Nothing appears to happen.
An orc comes into view. It is wielding a +0 war axe.
The orc priest begins to cast a cantrip, but forgets the words! 😎 MP[-1]
You lost 1 mp, and now have 6/9 mp.
The orc barely misses you.
An orc priest comes into view. It is wielding a +0 mace.
You scratch the orc.
Unknown command.
You claw the orc!
You kill the orc!
Makhleb accepts your kill.
The orc priest looks satisfied for a moment.
An orc wizard comes into view. It is wielding a +0 dagger.
The orc priest mumbles some strange prayers to Beogh against you.
Beogh smites you!
You see here a +0 hand axe. 😕 HP[-11]
You take 11 damage, and now have 90/101 hp.
The orc wizard shouts!
You scratch the two-headed ogre.
You hear a shout!
The two-headed ogre hits you with a +0 dire flail!!
The two-headed ogre completely misses you. 😮 HP[-21]
You take 21 damage, and now have 69/101 hp.
MASSIVE DAMAGE!! (PAUSE)
You scratch the two-headed ogre. 😮 HP[+1]
You are too injured to fight recklessly!
You closely miss the two-headed ogre.
The two-headed ogre hits you with a +0 dire flail!
The two-headed ogre hits you with a +0 giant club!!
* * * LOW HITPOINT WARNING * * *
Your magical contamination has completely faded away. 😨 HP[-38]
You take 38 damage, and now have 32/101 hp.
MASSIVE DAMAGE!! (PAUSE)
You claw the two-headed ogre!
The two-headed ogre hits you with a +0 dire flail!
* * * LOW HITPOINT WARNING * * *
The two-headed ogre closely misses you. 😱 HP[-14] MP[+1]
You take 14 damage, and now have 18/101 hp.
You scratch the two-headed ogre.
Unknown command.
You feel much better.
You howl as the wereblood boils in your veins!
The two-headed ogre hits you with a +0 dire flail!!
* * * LOW HITPOINT WARNING * * *
The two-headed ogre hits you with a +0 giant club!
* * * LOW HITPOINT WARNING * * *
😱 HP[-11]
You take 11 damage, and now have 7/101 hp.
Unknown command. 😱 HP[+1]
There is a stone staircase leading up here. 😱 HP[+1]
The orc wizard mumbles some strange words.
The orc wizard flickers and vanishes!
Deactivating autopickup; reactivate with Ctrl-A.
The orc priest mumbles some strange prayers to Beogh against you.
Beogh smites you!
You die...

Skill      XL: |  1  2  3  4  5  6  7  8  9 |
---------------+----------------------------+-----
Fighting       | 1 2 3 4 5 6 8 9 |  9.8
Unarmed Combat | 4 5 6 7 8 |  8.7
Dodging        | |  1.5
Spellcasting   | |  1.2
Transmutations | |  1.3

Action                     |  1- 3 |  4- 6 |  7- 9 || total
---------------------------+-------+-------+-------++-------
  Melee: Unarmed           |    84 |   180 |   337 ||   601
         Punch             |     2 |     1 |    13 ||    16
         Kick              |       |       |     5 ||     5
         Headbutt          |       |       |     2 ||     2
   Cast: Wereblood         |     1 |     2 |     9 ||    12
         Beastly Appendage |       |       |     1 ||     1
    Use: Scroll            |     9 |     4 |     9 ||    22
         Potion            |       |     1 |     4 ||     5
   Stab: Sleeping          |     1 |       |     3 ||     4
         Invisible         |       |       |     1 ||     1
         Confused          |       |       |     1 ||     1
 Armour: Robe              |    37 |    48 |    63 ||   148
         Skin              |       |    23 |     3 ||    26
  Dodge: Dodged            |    50 |   129 |   176 ||   355

Levels and vault maps discovered:
D:1:      minmay_arrival_doors, layout_basic, chequers_ecumenical_altar_simple,
          hangedman_feature_mirror, minmay_pentomino_x2
D:2:      layout_basic, basic_altar
D:3:      minmay_bubble_buster, layout_basic, uniq_terence, uniq_natasha,
          uniq_robin
D:4:      layout_gridville, lightli_ossuary_entry_decrepit_ruins, uniq_edmund
D:5:      layout_basic, nicolae_overflow_hidden_temple,
          nicolae_vehumet_altar_sigil, guppyfry_shop_venom, uniq_pikel
D:6:      layout_loops_ring, minmay_temple_entry_tees, uniq_duvessa
D:7:      layout_basic
D:8:      nzn_winding_woodlands_medium [nzn_winding_woodlands_5x5_perimeter,
          nzn_winding_woodlands_5x15_concentric,
          nzn_winding_woodlands_5x5_checkerboard,
          nzn_winding_woodlands_5x5_default,
          nzn_winding_woodlands_center_pierced_h,
          nzn_winding_woodlands_5x5_closed_star,
          nzn_winding_woodlands_5x5_default, nzn_winding_woodlands_5x15_jagged,
          nzn_winding_woodlands_hourglass], layout_basic,
          ebering_ghost_inner_flame, amcnicky_mini_pool_medium
Temple:   hellmonk_temple_of_storms

Notes
Turn   | Place    | Note
-------+----------+-------------------------------------------
     0 | D:1      | ytrimaz the Troll Transmuter began the quest for the Orb.
     0 | D:1      | Reached XP level 1. HP: 18/18 MP: 1/1
     0 | D:1      | magus.rc [v1.9.6]
    23 | D:1      | Reached skill level 1 in Fighting
    61 | D:1      | Reached XP level 2. HP: 15/27 MP: 2/2
   216 | D:1      | Reached skill level 2 in Fighting
   252 | D:1      | Found a faded altar of an unknown god.
   421 | D:1      | Reached XP level 3. HP: 35/35 MP: 3/3
   480 | D:1      | You pick up a book of Fire and begin reading...
   480 | D:1      | You add the spells Foxfire, Fireball, Plasma Beam and
                  | Starburst to your library.
   578 | D:1      | Learned a level 2 spell: Wereblood
   644 | D:2      | You pick up a book of Frost and begin reading...
   644 | D:2      | You add the spells Freeze, Frozen Ramparts and Hailstorm to
                  | your library.
   944 | D:2      | Found a stormy altar of Qazlal.
  1644 | D:3      | Noticed Robin
  1656 | D:3      | Killed Robin
  1657 | D:3      | Reached XP level 4. HP: 37/44 MP: 1/4
  1797 | D:3      | Noticed Terence
  1804 | D:3      | Killed Terence
  1805 | D:3      | Reached skill level 3 in Fighting
  1826 | D:3      | Noticed Natasha
  1837 | D:3      | Killed Natasha
  1838 | D:3      | Reached skill level 4 in Unarmed Combat
  1917 | D:3      | Reached XP level 5. HP: 53/53 MP: 5/5
  1933 | D:3      | You add the spells Olgreb's Toxic Radiance, Ignition and
                  | Discord to your library.
  1978 | D:3      | Noticed Natasha
  2073 | D:3      | HP: 11/53 [Natasha/magic dart (8)]
  2445 | D:3      | Killed Natasha
  2533 | D:3      | Reached skill level 4 in Fighting
  2598 | D:3      | Noticed Natasha
  2643 | D:3      | Killed Natasha
  2644 | D:3      | Reached XP level 6. HP: 62/62 MP: 6/6
  2672 | D:4      | Noticed Edmund
  2685 | D:4      | Killed Edmund
  2798 | D:4      | Reached skill level 5 in Unarmed Combat
  2849 | D:4      | Reached skill level 5 in Fighting
  2849 | D:4      | Reached XP level 7. HP: 66/72 MP: 7/7
  3113 | D:4      | Found a sand-covered staircase.
  3122 | Ossuary  | Entered an ossuary
  3213 | Ossuary  | Reached skill level 6 in Fighting
  3251 | Ossuary  | Noticed a flying skull
  3251 | Ossuary  | Noticed a wraith
  3273 | Ossuary  | Noticed a flying skull
  3275 | Ossuary  | Noticed a flying skull
  3304 | Ossuary  | Noticed a wraith
  3314 | Ossuary  | Killed a wraith
  3315 | Ossuary  | Reached skill level 6 in Unarmed Combat
  3315 | Ossuary  | Reached XP level 8. HP: 51/84 MP: 8/8
  3743 | D:5      | Entered Level 5 of the Dungeon
  3772 | D:5      | Reached skill level 7 in Fighting
  3922 | D:5      | Noticed Pikel
  3934 | D:5      | Killed Pikel
  3935 | D:5      | Reached skill level 7 in Unarmed Combat
  3950 | D:5      | Found Duiliom's Serpentskin Sales.
  3956 | D:5      | Reached skill level 8 in Fighting
  4022 | D:5      | Reached XP level 9. HP: 95/96 MP: 9/9
  4280 | D:5      | Found a radiant altar of Vehumet.
  4749 | D:5      | Found a snail-covered altar of Cheibriados.
  4751 | D:5      | Found a basalt altar of Yredelemnul.
  4945 | D:6      | Noticed Duvessa
  4958 | D:6      | Noticed Dowan
  4962 | D:6      | Killed Duvessa
  4963 | D:6      | Reached skill level 8 in Unarmed Combat
  4967 | D:6      | Killed Dowan
  4968 | D:6      | Reached skill level 9 in Fighting
  5115 | D:6      | Found a staircase to the Ecumenical Temple.
  5185 | Temple   | Entered the Ecumenical Temple
  5221 | Temple   | Became a worshipper of Makhleb the Destroyer
  5317 | D:6      | You pick up a book of Spatial Translocations and begin
                  | reading...
  5317 | D:6      | You add the spells Blink, Momentum Strike and Lesser
                  | Beckoning to your library.
  5950 | D:7      | You pick up a book of Conjurations and begin reading...
  5950 | D:7      | You add the spells Magic Dart, Searing Ray and Fulminant
                  | Prism to your library.
  6434 | D:8      | Noticed a two-headed ogre
  6446 | D:8      | HP: 18/101 [two-headed ogre/+0 dire flail (16)]
  6448 | D:8      | HP: 7/101 [two-headed ogre/+0 dire flail (15)]
  6451 | D:8      | Killed from afar by an orc priest

Vanquished Creatures
  Pikel (D:5)
  2 wraiths (Ossuary)
  4 water moccasins
  Edmund (D:4)
  Duvessa (D:6)
  A black bear (D:6)
  An orc warrior (D:4)
  An ice beast (D:5)
  2 ogres
  3 centaurs
  A lemure (D:5)
  A phantom (D:4)
  A kobold brigand (D:5)
  2 bullfrogs (D:7)
  A scorpion (D:5)
  4 wights (Ossuary)
  Dowan (D:6)
  A howler monkey (D:6)
  A gnoll bouda (D:7)
  A jelly (D:6)
  3 orc priests
  6 hounds
  3 iguanas
  Natasha (thrice) (D:3)
  Terence (D:3)
  6 orc wizards
  Robin (D:3)
  13 gnolls
  10 adders
  2 shadow imps
  3 ufetubi
  A worm (D:3)
  2 dart slugs (D:1)
  41 orcs
  7 bats
  10 endoplasms
  3 giant cockroaches
  10 goblins
  5 hobgoblins
  4 quokkas
  6 ball pythons
  2 ball python skeletons (Ossuary)
  A frilled lizard (D:1)
  A hobgoblin zombie (Ossuary)
  11 kobolds
  4 orc skeletons (Ossuary)
  8 rats
198 creatures vanquished.

Table legend:
 A = Non-vault XP
 B = Vault XP
 C = Vault XP percentage of total XP
 D = Non-vault monster count
 E = Vault monster count
 F = Vault count percentage of total count
                 A         B        C        D         E       F
            +---------+---------+-------+---------+---------+-------
      Total |    3317 |    1923 |  36.7 |     151 |      46 |  23.4
            +---------+---------+-------+---------+---------+-------
        D:1 |      29 |      14 |  32.6 |      17 |       7 |  29.2
        D:2 |      35 |       0 |   0.0 |       7 |       0 |   0.0
        D:3 |     162 |     143 |  46.9 |      20 |      21 |  51.2
        D:4 |     617 |     149 |  19.5 |      25 |       1 |   3.8
        D:5 |    1001 |     703 |  41.3 |      42 |       2 |   4.5
        D:6 |     671 |     210 |  23.8 |      21 |       2 |   8.7
        D:7 |     799 |       0 |   0.0 |      18 |       0 |   0.0
        D:8 |       3 |       0 |   0.0 |       1 |       0 |   0.0
    Ossuary |       0 |     704 | 100.0 |       0 |      13 | 100.0
            +---------+---------+-------+---------+---------+-------

Illustrated notes

Table legend:
 A = Kills in this place as a percentage of kills in the entire game.
 B = Kills by you in this place as a percentage of kills by you in the entire game.
 C = Kills by friends in this place as a percentage of kills by friends in the entire game.
 D = Other kills in this place as a percentage of other kills in the entire game.
 E = Experience gained in this place as a percentage of experience gained in the entire game.
 F = Experience gained in this place divided by the number of levels of this place that you have seen.
                   A       B       C       D       E      F
               +-------+-------+-------+-------+-------+----------------------
         Total | 100.0 | 100.0 |   N/A |   N/A | 100.0 | 524.0
       Dungeon |  93.4 |  93.4 |   N/A |   N/A |  86.6 | 567.0
       Ossuary |   6.6 |   6.6 |   N/A |   N/A |  13.4 | 704.0
               +-------+-------+-------+-------+-------+----------------------

Table legend: (Time is in decaauts)
 A = Elapsed time spent in this place.
 B = Non-inter-level travel time spent in this place.
 C = Inter-level travel time spent in this place.
 D = Time resting spent in this place.
 E = Time spent auto-exploring this place.
 F = Levels seen in this place.
 G = Mean time per level.
                   A        B        C        D        E       F      G
               +--------+--------+--------+--------+--------+-----+--------+
         Total |   6386 |   6141 |    245 |    212 |   4498 |  10 |  638.6 |
       Dungeon |   6005 |   5768 |    237 |    186 |   4304 |   8 |  750.6 |
        Temple |     45 |     37 |      8 |      0 |     18 |   1 |   45.0 |
       Ossuary |    335 |    335 |      0 |     25 |    176 |   1 |  335.0 |
               +--------+--------+--------+--------+--------+-----+--------+

Top non-repeatable levels by time:
     D:5: 1106 daAuts
     D:3: 1055 daAuts
     D:2: 986 daAuts
     D:7: 796 daAuts
     D:4: 732 daAuts
     D:6: 688 daAuts
     D:1: 606 daAuts
 Ossuary: 335 daAuts
  Temple: 45 daAuts
     D:8: 32 daAuts
